 Dungeon Crawl Stone Soup version 0.28-a0-21-gf74fda84f9 (webtiles) character file.

Game seed: 6929237075946197602

15650 Spaninq the Thaumaturge (level 12, -11/70 HPs)
             Began as a Djinni Fire Elementalist on July 26, 2021.
             Was an Elder of Makhleb.
             Mangled by an orc warrior (13 damage)
             ... on level 2 of the Orcish Mines on July 27, 2021.
             The game lasted 00:39:59 (14325 turns).

Spaninq the Thaumaturge (Djinni Fire Elementalist) Turns: 14325, Time: 00:39:59

Health: -11/70     AC:  6    Str:  7    XL:     12   Next: 60%
Gold:   1190       EV: 13    Int: 20    God:    Makhleb [****..] SH:  0 Dex: 22

rFire   + + +      SeeInvis .   h - +1 dagger (vamp)
rCold   x x .      Faith    .   (no shield)
rNeg    . . .      Spirit   .   c - +0 troll leather armour
rPois   ∞          Reflect  .   f - +1 helmet
rElec   .          Harm     .   C - scarf {shadows}
rCorr   .          Rampage  .   (no gloves)
Will    +....                   (boots unavailable)
Stlth   ++........              (no amulet)
HPRegen 1.21/turn               b - +6 ring of dexterity
MPRegen 0.00/turn               l - ring of fire

@: about to teleport, flying
A: sickness immunity, fire resistance 2, cold vulnerability 1, float, innate
caster, hp casting, extra vitality 1
a: Renounce Religion, Minor Destruction, Lesser Servant of Makhleb, Major
Destruction


You were on level 2 of the Orcish Mines.
You worshipped Makhleb.
Makhleb was greatly pleased with you.
You visited 3 branches of the dungeon, and saw 12 of its levels.

You collected 1190 gold pieces.

Inventory:

Hand Weapons
 h - a +1 vampiric dagger (weapon)
 x - a +1 scimitar of flaming
Missiles
 p - 9 throwing nets
 y - a curare-tipped dart
Armour
 c - a +0 troll leather armour (worn)
 f - a +1 helmet (worn)
 C - a scarf of shadows (worn)
Jewellery
 b - a +6 ring of dexterity (left hand)
 l - a ring of fire (right hand)
Wands
 a - a wand of flame (10)
 j - a wand of digging (8)
 r - a wand of paralysis (18)
 u - a wand of polymorph (5)
 v - a wand of iceblast (4)
 D - a wand of acid (10)
Scrolls
 d - a scroll of fear {unknown}
 g - 4 scrolls of teleportation
 o - 3 scrolls of enchant armour
 A - a scroll of magic mapping
 B - 2 scrolls of enchant weapon
Potions
 i - a potion of mutation {unknown}
 k - 3 potions of might
 n - a potion of ambrosia {unknown}
 q - a potion of attraction {unknown}
 s - 5 potions of curing
 t - a potion of flight {unknown}
 w - a potion of brilliance {unknown}
 z - a potion of resistance


   Skills:
 - Level 2.9 Dodging
 - Level 2.2 Stealth
 + Level 14.6 Spellcasting


You had 10 spell levels left.
You knew the following spells:

 Your Spells              Type           Power      Damage    Failure   Level
a - Foxfire               Conj/Fire      100%       2x1d9     0%          1
b - Conjure Flame         Conj/Fire      83%        6-21      1%          3
c - Inner Flame           Hex/Fire       83%        N/A       1%          3
d - Sticky Flame          Conj/Fire      83%        2d9       1%          4
e - Fireball              Conj/Fire      41%        3d17      1%          5
f - Summon Small Mammal   Summ           100%       N/A       0%          1
g - Corpse Rot            Necr/Air       N/A        N/A       1%          2
h - Swiftness             Air            65%        N/A       1%          3
i - Dazzling Flash        Conj/Hex       100%       N/A       1%          3
j - Agony                 Necr           65%        N/A       1%          5
Your spell library was empty.

Dungeon Overview and Level Annotations

Branches:
Dungeon (9/15)             Temple (1/1) D:5            Lair (0/6) D:9
    Orc (1/2) D:9

Altars:
Ashenzari
Cheibriados
Dithmenos
Elyvilon
Fedhas
Gozag
Hepliaklqana
Kikubaaqudgha
Makhleb
Nemelex Xobeh
Okawaru
Qazlal
Ru
Sif Muna
Trog
Uskayaw
Vehumet
Wu Jian
Xom
Yredelemnul
The Shining One

Shops:
D:2 [*   D:5 [*   D:6 !

Annotations:
D:7 exclusion: lava snake
D:8 3 runed translucent doors, Rallik's ghost, novice OpCj


Innate Abilities, Weirdness & Mutations

You are immune to sickness and miasma.
You are immune to poison.
Your flesh is very heat resistant. (rF++)
You are vulnerable to cold. (rC-)
You float through the air rather than walking.
You learn spells naturally, not from books.
Your magical power is your life essence.
You have superior vitality. (+4 HP)


Message History

The orc priest shouts!
An orc priest comes into view. It is wielding a +0 club.
The orc priest shouts!
An orc comes into view. It is wielding a +0 hand axe.
The orc shouts!
You hear a shout! 4 orcs and an orc priest come into view.
An orc is wielding a +0 mace of draining.
As you read the scroll of teleportation, it crumbles to dust.
You feel strangely unstable.
The orc shouts!
You hear a shout! x2
An orc priest comes into view. It is wielding a +0 mace.
The orc priest mumbles some strange prayers to Beogh against you.
Beogh smites you!
An orc priest comes into view. It is wielding a +0 hand axe.
The orc warrior hits you with a +0 long sword.
The orc warrior barely misses you.
An orc knight comes into view. It is wielding a +0 dire flail.
The orc warrior barely misses you.
The orc warrior hits you with a +0 scimitar!!
The orc warrior hits you with a +0 dire flail!
An orc comes into view. It is wielding a +0 club.
The orc warrior barely misses you.
The orc warrior hits you with a +0 scimitar!!
* * * LOW HITPOINT WARNING * * *
The orc throws a boomerang.
The boomerang hits you but does no damage.
The orc priest moves out of view.
You hear a shout! x4
Okay, then.
Okay, then.
Casting: Fireball (dangerous; 1% risk of failure)
Confirm with . or Enter, or press ? or * to list all spells.
You don't have enough health to cast this spell.
Casting: Fireball (dangerous; 1% risk of failure)
Confirm with . or Enter, or press ? or * to list all spells.
You don't have enough health to cast this spell.
An orc comes into view. It is wielding a +0 hand axe.
The orc warrior barely misses you.
The orc warrior hits you with a +0 scimitar!
You die...

###.. ..### #
.... .... #
o. o.. ..o ..
.. .o o. ..
#.#.#o#.#.#.#
..oo..oo.....
....oo@ooo...
...o.ooo....o
#o#.#o#.#.#.#
.o .. o. ..
.. ...


o.o .. # .o.. .... # ###.. ..### You could see an orc knight, 7 orc warriors, 10
orc priests and 9 orcs.

Vanquished Creatures
  A frost giant (D:9)
  Harold (D:8)
  4 two-headed ogres
  3 death yaks
  An orc sorcerer (Orc:1)
  Joseph (D:7)
  Maggie (D:7)
  A troll (D:9)
  A hornet (D:9)
  Grinder (D:3)
  Sigmund (D:4)
  A wyvern (D:9)
  A steam dragon (D:6)
  Menkaure (D:7)
  A warg (Orc:1)
  3 acid dragons (D:9)
  5 water moccasins
  16 orc warriors
  An ice beast (D:4)
  5 black bears
  7 centaurs
  2 necrophages
  3 ogres
  3 phantoms
  3 kobold brigands
  Blork the orc (D:4)
  4 bullfrogs
  2 gnoll sergeants
  A water moccasin zombie (D:6)
  A killer bee (D:9)
  12 wights
  2 howler monkeys (D:9)
  2 centaur zombies (D:9)
  6 orc priests
  2 bullfrog skeletons (D:5)
  A gnoll shaman (D:8)
  5 hounds
  A centaur skeleton (D:4)
  Jessica (D:2)
  A hell rat (D:9)
  2 iguanas (D:6)
  15 orc wizards
  Terence (D:2)
  2 howler monkey zombies (D:9)
  22 gnolls
  5 adders
  A white imp (D:6)
  2 ufetubi
  An adder skeleton (D:4)
  4 worms
  4 dart slugs
  43 orcs
  5 ball pythons
  12 endoplasms
  3 giant cockroaches
  3 goblins
  13 hobgoblins
  8 jackals
  49 kobolds
  8 quokkas
  3 bats
  4 frilled lizards
  6 rats
  2 butterflies (D:4)
328 creatures vanquished.

Vanquished Creatures (others)
  A black bear (D:7)
  603 foxfires
  3 fungi (D:2)
  11 plants
618 creatures vanquished.

Grand Total: 946 creatures vanquished

Notes
Turn   | Place    | Note
-------+----------+-------------------------------------------
     0 | D:1      | Spaninq the Djinni Fire Elementalist began the quest for
                  | the Orb.
     0 | D:1      | Reached XP level 1. HP: 15/15 MP: 0/0
   167 | D:1      | Reached XP level 2. HP: 17/21 MP: 0/0
   878 | D:1      | Reached XP level 3. HP: 22/25 MP: 0/0
   878 | D:1      | Learned a level 1 spell: Summon Small Mammal
  1301 | D:2      | Noticed Jessica
  1307 | D:2      | Killed Jessica
  1308 | D:2      | Reached skill level 3 in Spellcasting
  1308 | D:2      | Reached XP level 4. HP: 26/31 MP: 0/0
  1361 | D:2      | Found a stormy altar of Qazlal.
  1502 | D:2      | Found Vunop's Assorted Antiques.
  1520 | D:2      | Reached XP level 5. HP: 23/35 MP: 0/0
  1520 | D:2      | Learned a level 2 spell: Corpse Rot
  1843 | D:2      | Found a faded altar of an unknown god.
  2044 | D:2      | You are sucked into a shaft and drop 1 floor!
  2217 | D:2      | Found Teottum's Armour Shoppe.
  2380 | D:2      | Noticed Terence
  2387 | D:2      | Killed Terence
  2388 | D:2      | Reached skill level 4 in Spellcasting
  2606 | D:3      | Noticed Grinder
  2615 | D:3      | Killed Grinder
  2616 | D:3      | Reached skill level 5 in Spellcasting
  2616 | D:3      | Reached XP level 6. HP: 30/40 MP: 0/0
  3048 | D:3      | Reached XP level 7. HP: 44/45 MP: 0/0
  3048 | D:3      | Learned a level 3 spell: Swiftness
  3339 | D:4      | Found the necklace of Bloodlust {*Rage +Rage Will++ Int-3
                  | Slay+6}
  3392 | D:4      | Found a shimmering altar of Xom.
  3421 | D:4      | Noticed Sigmund
  3421 | D:4      | Noticed Blork the orc
  3426 | D:4      | Killed Sigmund
  3427 | D:4      | Reached skill level 6 in Spellcasting
  3429 | D:4      | Killed Blork the orc
  3578 | D:4      | Found a blossoming altar of Fedhas.
  3599 | D:4      | Reached XP level 8. HP: 45/50 MP: 0/0
  4667 | D:4      | Reached skill level 7 in Spellcasting
  5238 | D:5      | Entered Level 5 of the Dungeon
  5709 | D:5      | Reached skill level 8 in Spellcasting
  6041 | D:5      | Found a staircase to the Ecumenical Temple.
  6045 | D:5      | Found Gail's Armour Shop.
  6065 | Temple   | Entered the Ecumenical Temple
  6355 | Temple   | Became a worshipper of Makhleb the Destroyer
  6399 | D:5      | Reached XP level 9. HP: 49/55 MP: 0/0
  6399 | D:5      | Learned a level 3 spell: Dazzling Flash
  6932 | D:5      | Found Gylylon's Serpentskin Sales.
  6936 | D:5      | Reached skill level 9 in Spellcasting
  8388 | D:6      | Reached * piety under Makhleb
  8389 | D:6      | Reached skill level 10 in Spellcasting
  8395 | D:6      | Reached XP level 10. HP: 51/60 MP: 0/0
  8540 | D:6      | Found Toazeth's Distillery.
  9029 | D:7      | Found a hide-covered altar of Uskayaw.
  9110 | D:7      | Found a shadowy altar of Dithmenos.
  9190 | D:7      | Found an iron altar of Okawaru.
  9279 | D:7      | Found an opulent altar of Gozag.
  9326 | D:7      | Found a stormy altar of Qazlal.
  9397 | D:7      | Noticed Joseph
  9400 | D:7      | Killed Joseph
  9918 | D:7      | Noticed Menkaure
  9920 | D:7      | Killed Menkaure
  9921 | D:7      | Reached skill level 11 in Spellcasting
 10096 | D:7      | Noticed Maggie
 10100 | D:7      | Killed Maggie
 11052 | D:8      | Noticed a two-headed ogre
 11057 | D:8      | Killed a two-headed ogre
 11453 | D:8      | Noticed Harold
 11460 | D:8      | Killed Harold
 11461 | D:8      | Reached skill level 12 in Spellcasting
 11461 | D:8      | Reached XP level 11. HP: 34/65 MP: 0/0
 11461 | D:8      | Learned a level 5 spell: Agony
 11711 | D:8      | Reached ** piety under Makhleb
 11813 | D:8      | Found a runed translucent gate.
 11813 | D:8      | Found a runed translucent gate.
 11813 | D:8      | Found a runed translucent gate.
 11814 | D:8      | Noticed Rallik's ghost (novice OpCj)
 12176 | D:9      | Noticed a death yak
 12177 | D:9      | Found a staircase to the Lair.
 12177 | D:9      | Noticed a death yak
 12194 | D:8      | Killed a death yak
 12345 | D:8      | Killed a death yak
 12413 | D:9      | Noticed a death yak
 12419 | D:9      | Killed a death yak
 12555 | D:9      | Reached skill level 13 in Spellcasting
 12926 | D:9      | Noticed a frost giant
 12945 | D:9      | Killed a frost giant
 13065 | D:9      | Noticed a two-headed ogre
 13067 | D:9      | Reached XP level 12. HP: 63/70 MP: 0/0
 13069 | D:9      | Killed a two-headed ogre
 13114 | D:9      | Reached *** piety under Makhleb
 13839 | D:9      | Noticed a two-headed ogre
 13938 | D:9      | Killed a two-headed ogre
 13939 | D:9      | Reached skill level 14 in Spellcasting
 13995 | D:9      | Found a broken altar of Ashenzari.
 14076 | D:9      | Found a staircase to the Orcish Mines.
 14084 | Orc:1    | Entered Level 1 of the Orcish Mines
 14113 | Orc:1    | Reached **** piety under Makhleb
 14223 | Orc:1    | Noticed a two-headed ogre
 14226 | Orc:1    | Killed a two-headed ogre
 14323 | Orc:1    | You are sucked into a shaft and drop 1 floor!
 14323 | Orc:2    | Entered Level 2 of the Orcish Mines
 14324 | Orc:2    | HP: 1/70 [orc warrior (21)]
 14325 | Orc:2    | Mangled by an orc warrior

Illustrated notes

Levels and vault maps discovered:
D:1:      sevenhm_arrival_forest_fort_small_5, layout_rooms, serial_curves,
          eino_curves_04, eino_curves_03, minmay_misc_feat_ornament,
          minmay_domino_4
D:2:      layout_loops_corners, shapermc_ecumenical_altar_rom_forum,
          basic_altar, serial_shops, shop, shop, uniq_jessica, uniq_terence
D:3:      layout_rooms, chequers_serial_rivers_micro_e, uniq_grinder
D:4:      minmay_goblin_kobold_castle, layout_basic, xom_butterflies,
          lemuel_crystal_altar, amcnicky_mini_corridor_feature,
          uniq_blork_the_orc, uniq_sigmund
D:5:      layout_basic, minmay_temple_entry_trees, serial_shops,
          nicolae_square_shop, guppyfry_shop_venom
D:6:      layout_basic, serial_shops, shop, hangedman_abyss_or_decor_stagger
D:7:      layout_loops_cross, nicolae_uskayaw_suspiria,
          mainiacjoe_overflow_alcove_4, mainiacjoe_overflow_catch_the_wave,
          lemuel_doored_altar, lemuel_flame_loot_1, uniq_menkaure, uniq_joseph,
          uniq_maggie
D:8:      layout_loops_ring, gammafunk_ghost_nasty_kobolds, uniq_harold
D:9:      nzn_winding_woodlands_three_and_one [nzn_winding_woodlands_5x15_pool,
          nzn_winding_woodlands_5x15_longhouse,
          nzn_winding_woodlands_5x15_cabin,
          nzn_winding_woodlands_center_garden], layout_basic, kennysheep_mini,
          dpeg_lair_monsters, david_orc_4
Temple:   oiseaux_autumnal_temple
Orc:1:    layout_diamond_mine
Orc:2:    st_orc_pillars, layout_diamond_mine

Skill      XL: |  1  2  3  4  5  6  7  8  9 10 11 12 |
---------------+-------------------------------------+-----
Stealth        | 2 |  2.2
Spellcasting   | 3 5 6 8 10 12 13 14 | 14.6
Dodging        | |  2.9

Action                   |  1- 3 |  4- 6 |  7- 9 | 10-12 || total
-------------------------+-------+-------+-------+-------++-------
Melee: Unarmed           |     2 |     2 |       |       ||     4
       Dagger            |       |     7 |    15 |     4 ||    26
 Cast: Foxfire           |    52 |   101 |   211 |       ||   364
       Sticky Flame      |       |       |    23 |    13 ||    36
       Fireball          |       |       |     8 |   141 ||   149
  Use: Scroll            |       |       |     9 |     6 ||    15
       Potion            |       |       |       |     2 ||     2
Armor: Robe              |     1 |     2 |     5 |       ||     8
       Steam dragon scal |       |       |       |     2 ||     2
       Troll leather arm |       |       |       |     4 ||     4
Dodge: Dodged            |     3 |     4 |    32 |    23 ||    62

Table legend: (Time is in decaauts)
 A = Elapsed time spent in this place.
 B = Non-inter-level travel time spent in this place.
 C = Inter-level travel time spent in this place.
 D = Time resting spent in this place.
 E = Time spent auto-exploring this place.
 F = Levels seen in this place.
 G = Mean time per level.
                   A        B        C        D        E       F      G
               +--------+--------+--------+--------+--------+-----+--------+
         Total |  14334 |  13865 |    469 |   3138 |   8667 |  12 | 1194.5 |
       Dungeon |  13780 |  13388 |    392 |   3138 |   8311 |   9 | 1531.1 |
        Temple |    313 |    236 |     77 |      0 |    214 |   1 |  313.0 |
  Orcish Mines |    240 |    240 |      0 |      0 |    142 |   2 |  120.0 |
               +--------+--------+--------+--------+--------+-----+--------+

Top non-repeatable levels by time:
     D:4: 2517 daAuts
     D:8: 1887 daAuts
     D:7: 1790 daAuts
     D:6: 1479 daAuts
     D:5: 1423 daAuts
     D:9: 1385 daAuts
     D:2: 1359 daAuts
     D:1: 1236 daAuts
     D:3: 700 daAuts
  Temple: 313 daAuts
   Orc:1: 238 daAuts
   Orc:2: 1 daAuts
